 Dungeon Crawl Stone Soup version 0.31-a0-716-gc7603755dd (webtiles) character file.

Game seed: 7729073053160907551

87 Mickster the Chopper (level 4, -3/41 HPs)
             Began as a Hill Orc Berserker on Sept 10, 2023.
             Was a Believer of Trog.
             Slain by an iguana (7 damage)
             ... on level 3 of the Dungeon.
             The game lasted 00:08:02 (1385 turns).

Mickster the Chopper (Hill Orc Berserker)           Turns: 1385, Time: 00:08:02

Health: -3/41      AC:  6    Str: 21    XL:     4   Next: 51%
Magic:  4/4        EV: 11    Int:  7    God:    Trog [**....]
Gold:   125        SH:  0    Dex: 16    Spells: 3/3 levels left

rFire   . . .        a - +0 hand axe
rCold   . . .        (no shield)
rNeg    . . .        c - +0 ring mail
rPois   +            r - +1 hat
rElec   .            k - scarf {repulsion}
rCorr   .            (no gloves)
SInv    .            (no boots)
Will    .....        (no amulet)
Stlth   +            d - ring of poison resistance
HPRegen 0.26/turn    i - +6 ring of dexterity
MPRegen 0.09/turn

%: repel missiles
@: on berserk cooldown, slowed, very slow
A: no striking features
a: Renounce Religion, Berserk, Trog's Hand


You were on level 3 of the Dungeon.
You worshipped Trog.
Trog was pleased with you.
You visited 1 branch of the dungeon, and saw 3 of its levels.

You collected 125 gold pieces.

Inventory:

Hand Weapons
 a - a +0 hand axe (weapon)
Missiles
 l - 6 poisoned darts
Armour
 b - a +0 animal skin
 c - a +0 ring mail (worn)
 e - a +0 cloak
 f - a +0 leather armour
 k - a scarf of repulsion (worn)
 r - a +1 hat (worn)
Jewellery
 d - a ring of poison resistance (left hand)
 i - a +6 ring of dexterity (right hand)
Talismans
 m - a flux talisman
Scrolls
 h - a scroll of torment {unknown}
 j - a scroll of immolation {unknown}
 o - a scroll of fog {unknown}
 p - a scroll of teleportation
 t - 2 scrolls of identify
Potions
 g - a potion of curing
 n - a potion of lignification {unknown}
 q - a potion of might {unknown}
 s - a potion of haste {unknown}


   Skills:
 + Level 4.4 Fighting
 + Level 5.3 Axes
 + Level 2.8 Armour
 + Level 2.1 Dodging


You had 3 spell levels left.
You didn't know any spells.
Your spell library was empty.

Dungeon Overview and Level Annotations

Branches:
Dungeon (3/15)

Altars:

Shops:
D:1 [


Message History

You are exhausted.
You feel yourself slow down. The hobgoblin hits you. The iguana misses you.
The hobgoblin closely misses you.
Things that are here:
16 gold pieces; a ball python corpse You closely miss the iguana.
The iguana is heavily wounded.
You closely miss the hobgoblin. You hit the hobgoblin but do no damage.
The hobgoblin barely misses you.
The iguana bites you but does no damage.
The gnoll barely misses you.
The hobgoblin hits you but does no damage.
The gnoll barely misses you. The hobgoblin closely misses you.
The hobgoblin barely misses you. The iguana bites you.
You hit the iguana.
The iguana is heavily wounded.
You hit the rat. You closely miss the hobgoblin.
You hit the hobgoblin but do no damage. The hobgoblin barely misses you.
The iguana barely misses you. The rat barely misses you.
The hobgoblin closely misses you. The gnoll barely misses you.
You hit the iguana but do no damage.
The iguana is heavily wounded.
You barely miss the rat.
You hit the hobgoblin. x2; The hobgoblin hits you.
The iguana bites you. The rat bites you but does no damage.
The hobgoblin barely misses you.
The gnoll hits you from afar with a +0 halberd.
The hobgoblin closely misses you.
The gnoll hits you from afar with a +0 halberd.
* * * LOW HITPOINT WARNING * * *
The hobgoblin hits you.
* * * LOW HITPOINT WARNING * * *
The iguana bites you.
* * * LOW HITPOINT WARNING * * *
The rat barely misses you.
You slash the iguana!
The iguana is almost dead.
You barely miss the rat. You hit the hobgoblin.
You hit the hobgoblin but do no damage. The hobgoblin closely misses you.
The iguana bites you!
You die...

#.# #.# ..# #.#
........# #.###.#####
......... #.##......##
........#
#.##.......#.........#
##..†.................#
##.#####...............#
#.##[.r##..............#
#.#..)g@).####.........#
#.#!.?gl### #..###....
#.#$..gJ# #..# #####
#.##...'# #..### #
##.#####. ##....#####
##....#+ ####..##.#....
###.## #....###.#.###
##.# #.#### #.#.#..
#..## ##.# #.#.#.#


You could see an iguana, a gnoll, an endoplasm, 2 hobgoblins and a rat.

Vanquished Creatures
  An iguana (D:3)
  2 adders
  A worm (D:2)
  A dart slug (D:1)
  4 bats
  4 endoplasms
  2 giant cockroaches
  2 goblins
  5 hobgoblins
  2 quokkas (D:1)
  5 ball pythons
  2 frilled lizards (D:1)
  3 kobolds
  A rat (D:3)
35 creatures vanquished.

Notes
Turn   | Place    | Note
-------+----------+-------------------------------------------
     0 | D:1      | Mickster the Hill Orc Berserker began the quest for the
                  | Orb.
     0 | D:1      | Reached XP level 1. HP: 19/19 MP: 1/1
    11 | D:1      | Found Piusomuw's Armour Shop.
   110 | D:1      | Reached XP level 2. HP: 23/27 MP: 2/2
   687 | D:2      | Reached XP level 3. HP: 8/33 MP: 3/3
  1137 | D:2      | Reached ** piety under Trog
  1138 | D:2      | Reached skill level 5 in Axes
  1376 | D:3      | Reached XP level 4. HP: 40/40 MP: 4/4
  1385 | D:3      | Slain by an iguana

Illustrated notes

Levels and vault maps discovered:
D:1:      ncdulo_lavacross, layout_rooms, serial_shops, shop
D:2:      layout_basic, minmay_stone_trees_small
D:3:      kennysheep_six_static_rooms, layout_basic, roderic_lattice_a,
          roderic_filled_cross, minmay_joined_circles, uniq_ijyb, uniq_natasha

Skill      XL: |  1  2  3  4 |
---------------+-------------+-----
Fighting       | 4 |  4.4
Axes           | 5 |  5.3
Dodging        | 2 |  2.1
Armour         | |  2.8

Action                     |  1- 3 |  4- 6 || total
---------------------------+-------+-------++-------
  Melee: Hand axe          |    98 |     8 ||   106
         Punch             |     1 |       ||     1
 Invoke: Berserk           |     1 |       ||     1
    Use: Scroll            |     2 |       ||     2
 Armour: Animal skin       |     8 |       ||     8
         Ring mail         |    56 |    14 ||    70
  Dodge: Dodged            |    72 |    17 ||    89
         Repelled          |     1 |       ||     1

Table legend: (Time is in decaauts)
 A = Elapsed time spent in this place.
 B = Non-inter-level travel time spent in this place.
 C = Inter-level travel time spent in this place.
 D = Time resting spent in this place.
 E = Time spent auto-exploring this place.
 F = Levels seen in this place.
 G = Mean time per level.
                   A        B        C        D        E       F      G
               +--------+--------+--------+--------+--------+-----+--------+
         Total |   1388 |   1370 |     18 |    154 |    717 |   3 |  462.7 |
       Dungeon |   1388 |   1370 |     18 |    154 |    717 |   3 |  462.7 |
               +--------+--------+--------+--------+--------+-----+--------+

Top non-repeatable levels by time:
     D:2: 736 daAuts
     D:1: 565 daAuts
     D:3: 86 daAuts
